 Dungeon Crawl Stone Soup version 0.28.0-53-g5a82cb258f (webtiles) character file.

Game seed: 8017545345912927752

5714 DangeonMaster the Firebug (level 10, -30/78 HPs)
             Began as a Grey Draconian Fire Elementalist on July 17, 2022.
             Was a Follower of Makhleb.
             Annihilated by a titanic slime creature (89 damage)
             ... on level 9 of the Dungeon on July 18, 2022.
             The game lasted 01:28:07 (16057 turns).

DangeonMaster the Firebug (DrFE)                   Turns: 16057, Time: 01:28:08

Health: -30/78     AC: 21    Str: 10    XL:     10   Next: 48%
Magic:  0/27       EV: 15    Int: 24    God:    Makhleb [*.....]
Gold:   442        SH:  0    Dex: 16    Spells: 0/23 levels left

rFire   . . .      SeeInvis .   m - +3 mace "Miel" {elec, Int+3 Dex+5}
rCold   . . .      Faith    .   (no shield)
rNeg    . . .      Spirit   +   (armour unavailable)
rPois   .          Reflect  .   (helmet restricted)
rElec   +          Harm     .   d - scarf {shadows}
rCorr   .          Rampage  .   e - +2 pair of gloves {Stlth+}
Will    .....                   j - +1 pair of boots
Stlth   +++.......              x - amulet of guardian spirit
HPRegen 0.23/turn               a - ring of magical power
MPRegen 0.20/turn               b - +4 ring of protection

@: very slightly contaminated
A: AC +12, amphibious, unfitting armour, cold-blooded, low MP 1, sense
surroundings 1, electricity resistance
a: Renounce Religion


You were on level 9 of the Dungeon.
You worshipped Makhleb.
Makhleb was aware of your devotion.
You visited 2 branches of the dungeon, and saw 10 of its levels.

You collected 442 gold pieces.

Inventory:

Hand Weapons
 m - the +3 mace "Miel" (weapon) {elec, Int+3 Dex+5}
   (You found it on level 4 of the Dungeon)

   It occasionally discharges a powerful burst of electricity upon striking a
   foe.
   Int:       It affects your intelligence (+3).
   Dex:       It affects your dexterity (+5).
Armour
 d - a scarf of shadows (worn)
 e - a +2 pair of gloves of stealth (worn)
 i - a +2 cloak
 j - a +1 pair of boots (worn)
Magical Staves
 f - a staff of conjuration
 s - a staff of air
Jewellery
 a - a ring of magical power (left hand)
 b - a +4 ring of protection (right hand)
 v - a ring of willpower
 x - an amulet of guardian spirit (around neck)
 z - a ring of fire
 A - a ring of willpower
 F - a ring of poison resistance
 H - an amulet of faith
Wands
 y - a wand of digging (3)
Scrolls
 c - 4 scrolls of magic mapping
 g - 7 scrolls of identify
 k - 2 scrolls of blinking
 p - 6 scrolls of teleportation
 q - a scroll of fog
 r - 2 scrolls of enchant weapon
 w - a scroll of fear
 B - a scroll of acquirement
 D - a scroll of holy word {unknown}
 G - a scroll of vulnerability {unknown}
Potions
 h - a potion of might
 l - 2 potions of haste
 n - a potion of lignification {unknown}
 o - a potion of flight
 t - a potion of degeneration
 u - a potion of cancellation
 C - 2 potions of brilliance
 E - a potion of attraction {unknown}


   Skills:
 + Level 3.6 Fighting
 + Level 2.0(4.2) Axes
 + Level 5.8(6.0) Maces & Flails
 + Level 1.0 Throwing
 + Level 5.8 Dodging
 + Level 3.3 Stealth
 + Level 7.2 Spellcasting
 + Level 4.6 Conjurations
 + Level 1.1 Hexes
 + Level 1.1 Translocations
 + Level 0.3 Transmutations
 + Level 7.7 Fire Magic
 + Level 3.0 Earth Magic
 + Level 1.6 Evocations


You couldn't memorise any spells.
You knew the following spells:

 Your Spells              Type           Power      Damage    Failure   Level
a - Foxfire               Conj/Fire      100%       2x1d9     1%          1
b - Scorch                Fire           90%        2d10      1%          2
c - Flame Wave            Conj/Fire      38%        2d9       5%          4
d - Conjure Flame         Conj/Fire      38%        6-21      1%          3
e - Inner Flame           Hex/Fire       30%        N/A       3%          3
f - Blink                 Tloc           28%        N/A       7%          2
g - Passwall              Tmut/Erth      13%        N/A       5%          2
h - Stone Arrow           Conj/Erth      54%        3d10      4%          3
i - Poisonous Vapours     Pois/Air       16%        N/A       11%         2
j - Sting                 Tmut/Pois      36%        1d4       7%          1

Your spell library contained the following spells:

 Spells                   Type           Power      Damage    Failure   Level
 Sandblast                Erth           46%        2d11      1%          1
 Mephitic Cloud           Conj/Pois/Air  16%        N/A       11%         3
 Lesser Beckoning         Tloc           14%        N/A       13%         3
 Olgreb's Toxic Radiance  Pois           8%         N/A       56%         4
 Manifold Assault         Tloc           14%        N/A       77%         5
 Silence                  Hex/Air        5%         N/A       83%         5
 Haunt                    Necr/Summ      4%         N/A       100%        7
 Borgnjor's Revivificati  Necr           4%         N/A       100%        8
 Necromutation            Tmut/Necr      4%         N/A       100%        8
 Death's Door             Necr           4%         N/A       100%        9


Dungeon Overview and Level Annotations

Branches:
Dungeon (9/15)             Temple (1/1) D:6            Lair (0/6) D:9
    Orc: D:9-12

Altars:
Ashenzari
Cheibriados
Dithmenos
Elyvilon
Fedhas
Gozag
Hepliaklqana
Kikubaaqudgha
Makhleb
Nemelex Xobeh
Okawaru
Qazlal
Ru
Sif Muna
Trog
Uskayaw
Vehumet
Wu Jian
Xom
Yredelemnul
Zin
The Shining One
Jiyva

Shops:
D:5 **

Annotations:
D:9 1 transporter


Innate Abilities, Weirdness & Mutations

Your dull iron-grey scales are very hard. (AC +12)
You are amphibious.
You cannot fit into any form of body armour.
You are cold-blooded and may be slowed by cold attacks.
Your magical capacity is low. (-10% MP)
You passively map a small area around you.
You are resistant to electric shocks. (rElec)


Message History

The flame wave engulfs the great orb of eyes!
The great orb of eyes is moderately wounded.
The flame wave engulfs the enormous slime creature.
The enormous slime creature is lightly wounded. (Press . to intensify the flame waves.)
The enormous slime creature looks more healthy.
Two slime creatures merge to form a titanic slime creature.
The great orb of eyes completely misses you.
Restarting spell: Flame Wave (dangerous; 5% risk of failure)
Press: ? - help, Q - select action, (/) - cycle Dir - look around, f - activate A wave of flame ripples out!
The flame wave engulfs the slime creature!
The slime creature is lightly wounded.
The flame wave engulfs the great orb of eyes!
The great orb of eyes is heavily wounded.
The flame wave engulfs the titanic slime creature!
The titanic slime creature is lightly wounded. (Press . to intensify the flame waves.)
The slime creature hits you. The great orb of eyes bites you!
Unknown command.
Restarting spell: Flame Wave (dangerous; 5% risk of failure)
Press: ? - help, Q - select action, (/) - cycle Dir - look around, f - activate A wave of flame ripples out!
The flame wave engulfs the slime creature.
The slime creature is lightly wounded.
The flame wave engulfs the great orb of eyes.
The great orb of eyes is heavily wounded.
The flame wave engulfs the titanic slime creature!
The titanic slime creature is lightly wounded. (Press . to intensify the flame waves.)
The slime creature completely misses you.
The great orb of eyes bites you.
Restarting spell: Flame Wave (dangerous; 5% risk of failure)
Press: ? - help, Q - select action, (/) - cycle Dir - look around, f - activate You miscast Flame Wave.
You are very lightly contaminated with residual magic.
Nothing appears to happen.
The titanic slime creature hits you!!!!
Ouch! That really hurt!
You die...

.............########..........P.
............##©# #.##......P.....
...........##..#.#.(##....#......
...........#G........#...>##...P.
...........###.....###........P..
#.........©##..._...##©..........
#.....###..###.....###.#####.....
#.......#..#...JGJ..[#.....#.....
#.......'..##?.#@#.$###....#.##..
#.......#...##[###J##.#....#.....
#.......#....#######..#....#.....
#.......#..####...##..#....#.....
#.......#..# #...##..#....#.....
#########..# #...##..#....'.....
†..######..####...##..#....#.....
†..#....#.............######.....
...#....############'##...'......


You could see a great orb of eyes, a titanic slime creature and a slime
creature.

Vanquished Creatures
  A troll (D:9)
  Grinder (D:5)
  A wolf spider simulacrum (D:9)
  A hornet (D:9)
  Sigmund (D:6)
  A basilisk (D:8)
  4 wyverns
  3 water moccasins
  2 orc warriors (D:8)
  2 sky beasts
  A black bear (D:9)
  An ice beast (D:7)
  An ogre (D:4)
  A centaur (D:8)
  2 wolves
  2 phantoms
  2 kobold brigands
  A gnoll sergeant (D:7)
  4 bullfrogs
  4 scorpions
  2 water moccasin skeletons
  3 killer bees (D:9)
  11 wights
  4 howler monkeys
  2 bullfrog zombies (D:6)
  2 centaur zombies
  A bullfrog skeleton (D:5)
  A gnoll shaman (D:7)
  5 hounds
  3 jellies (D:5)
  An orc priest (D:8)
  Ijyb (D:5)
  2 centaur skeletons
  5 iguanas
  2 orc wizards (D:8)
  2 howler monkey zombies
  A howler monkey skeleton (D:6)
  14 adders
  12 gnolls
  3 worms
  An adder skeleton (D:4)
  4 dart slugs
  17 orcs
  10 bats
  7 endoplasms
  6 giant cockroaches
  16 goblins
  11 hobgoblins
  5 jackals
  27 kobolds
  4 quokkas
  16 ball pythons
  2 frilled lizards (D:2)
  8 rats
  25 bushes (D:7)
272 creatures vanquished.

Vanquished Creatures (collateral kills)
  A frilled lizard (D:3)
  5 foxfires (D:7)
6 creatures vanquished.

Vanquished Creatures (others)
  305 foxfires
  4 fungi (D:9)
  17 plants
326 creatures vanquished.

Grand Total: 604 creatures vanquished

Notes
Turn   | Place    | Note
-------+----------+-------------------------------------------
     0 | D:1      | DangeonMaster the Draconian Fire Elementalist began the
                  | quest for the Orb.
     0 | D:1      | Reached XP level 1. HP: 14/14 MP: 3/3
   170 | D:1      | Reached XP level 2. HP: 17/20 MP: 1/5
   984 | D:1      | Found a faded altar of an unknown god.
  1189 | D:1      | Prayed at the altar of an unknown god.
  1189 | D:1      | Became a worshipper of Elyvilon the Healer
  1189 | D:1      | Reached * piety under Elyvilon
  1357 | D:1      | Learned a level 2 spell: Scorch
  1676 | D:1      | Reached XP level 3. HP: 27/27 MP: 6/6
  2456 | D:2      | Reached XP level 4. HP: 32/34 MP: 4/8
  2782 | D:2      | Reached skill level 1 in Axes
  2855 | D:2      | Reached ** piety under Elyvilon
  2869 | D:2      | Reached XP level 5. HP: 37/39 MP: 2/9
  4371 | D:3      | Reached skill level 1 in Throwing
  4376 | D:3      | Learned a level 4 spell: Flame Wave
  4430 | D:3      | Learned a level 3 spell: Conjure Flame
  4694 | D:3      | You fall into a shaft and drop 1 floor!
  4743 | D:4      | Reached *** piety under Elyvilon
  4774 | D:4      | Reached skill level 1 in Fighting
  4774 | D:4      | Reached XP level 6. HP: 40/47 MP: 11/11
  6071 | D:4      | Identified the +3 mace "Miel" {elec, Int+3 Dex+5}
  6520 | D:4      | Reached skill level 1 in Maces & Flails
  6688 | D:4      | Found a shimmering blue altar of Sif Muna.
  6693 | D:4      | Found an ancient bone altar of Kikubaaqudgha.
  6695 | D:4      | Found a glowing golden altar of the Shining One.
  6697 | D:4      | Found a shimmering altar of Xom.
  6703 | D:4      | Found a faded altar of an unknown god.
  6820 | D:5      | Entered Level 5 of the Dungeon
  6831 | D:5      | Your scales start taking on a dull iron-grey colour.
  6831 | D:5      | Reached XP level 7. HP: 52/52 MP: 13/13
  6842 | D:5      | Reached skill level 5 in Fire Magic
  7071 | D:5      | Learned a level 3 spell: Inner Flame
  7249 | D:5      | Found Botweono's Fire Supplies.
  7338 | D:5      | Noticed Ijyb
  7391 | D:5      | Killed Ijyb
  7672 | D:5      | Found Gaiwy's Elemental Accessories.
  7675 | D:5      | Noticed Grinder
  7677 | D:5      | Paralysed by Grinder for 5 turns
  7710 | D:5      | Paralysed by Grinder for 6 turns
  7724 | D:5      | Killed Grinder
  7725 | D:5      | Reached skill level 5 in Spellcasting
  7725 | D:5      | Reached XP level 8. HP: 50/59 MP: 12/15
  7967 | D:5      | Reached skill level 1 in Hexes
  8113 | D:5      | Reached **** piety under Elyvilon
  8741 | D:5      | Learned a level 2 spell: Blink
  8847 | D:5      | Found a glowing silver altar of Zin.
  8847 | D:5      | Found a radiant altar of Vehumet.
  9274 | D:6      | Found a staircase to the Ecumenical Temple.
  9328 | Temple   | Entered the Ecumenical Temple
  9363 | D:6      | Learned a level 2 spell: Passwall
  9509 | D:6      | Noticed Sigmund
  9542 | D:6      | Killed Sigmund
  9595 | D:6      | Reached skill level 1 in Translocations
  9630 | D:5      | Gained mutation: You have hidden genetic potential. [potion
                  | of mutation]
  9630 | D:5      | Gained mutation: You are dopey. (Int -2) [potion of
                  | mutation]
  9631 | D:5      | Lost mutation: You are dopey. (Int -2) [potion of mutation]
  9631 | D:5      | Lost mutation: You have hidden genetic potential. [potion
                  | of mutation]
  9631 | D:5      | Gained mutation: Your magical capacity is low. (-10% MP)
                  | [potion of mutation]
  9631 | D:5      | Gained mutation: You passively map a small area around you.
                  | [potion of mutation]
  9631 | D:5      | Gained mutation: You are resistant to electric shocks.
                  | (rElec) [potion of mutation]
 10048 | D:6      | Reached XP level 9. HP: 57/68 MP: 4/15
 11087 | Temple   | Fell from the grace of Elyvilon
 11087 | Temple   | Became a worshipper of Makhleb the Destroyer
 11162 | D:7      | Got the Volume of Nocuous Evil Secrets
 11273 | D:7      | Reached skill level 1 in Evocations
 11608 | D:7      | Reached skill level 5 in Maces & Flails
 12867 | D:8      | Identified a scroll of acquirement
 12870 | D:8      | Acquired Piqomer's Incunabulum of Lightness
 12878 | D:8      | Learned a level 3 spell: Stone Arrow
 13998 | D:8      | Reached skill level 1 in Earth Magic
 14275 | D:9      | Noticed a troll
 14292 | D:9      | Killed a troll
 14293 | D:9      | Reached skill level 5 in Dodging
 14293 | D:9      | Reached XP level 10. HP: 48/77 MP: 8/18
 14299 | D:9      | Reached * piety under Makhleb
 15093 | D:9      | Found a broken altar of Ashenzari.
 15461 | D:9      | Noticed a great orb of eyes
 15462 | D:9      | Found a viscous altar of Jiyva.
 15462 | D:9      | Found a transporter.
 15935 | D:9      | Learned a level 2 spell: Poisonous Vapours
 15937 | D:9      | Learned a level 1 spell: Sting
 15999 | D:9      | Found a staircase to the Lair.
 16043 | D:9      | Found a transporter.
 16045 | D:9      | Found the +5 robe of Night {Dark Will+ SInv}
 16057 | D:9      | Annihilated by a titanic slime creature

Illustrated notes

Levels and vault maps discovered:
D:1:      minmay_arrival_doors, layout_rooms,
          hellmonk_ecumenical_altar_leap_of_faith,
          chequers_serial_rivers_small_b, minmay_indecisive_spiral
D:2:      layout_basic, minmay_snake_closets
D:3:      layout_rooms, minivault_19
D:4:      corexii_shantytown, layout_basic, chequers_temple_overflow_minitemple,
          grunt_ministairs_13
D:5:      layout_cave_pools, mainiacjoe_overflow_divided_tiny,
          nicolae_elemental_shop, nicolae_shop_fire_sale
          [nicolae_sub_dead_trees], uniq_ijyb, uniq_grinder
D:6:      layout_basic, minmay_temple_entry_junction, uniq_sigmund
D:7:      layout_cave_pools, serial_column_ruins, column_ruins_hut_ruined,
          column_ruins_hut, column_ruins_corridor_straight, column_ruins_grid_1,
          column_ruins_grid_1, column_ruins_columns_corner,
          column_ruins_columns_straight, minmay_misc_feat_five,
          hangedman_abyss_or_decor_stabs, minmay_hedge_maze
D:8:      nicolae_cairo_tiling, layout_basic
D:9:      gammafunk_jiyva_shrine, layout_stronghold,
          mainiacjoe_overflow_alcove_2, minmay_lair_entry_grove,
          uniq_prince_ribbit1
Temple:   regret_index_temple_generic_petals

Skill      XL: |  1  2  3  4  5  6  7  8  9 10 |
---------------+-------------------------------+-----
Fire Magic     | 4 5 6 7 |  7.7
Spellcasting   | 3 4 5 6 7 |  7.2
Axes           | 1 2 |  2.0
Stealth        | 2 3 |  3.3
Throwing       | 1 |  1.0
Dodging        | 2 3 5 |  5.8
Conjurations   | 2 3 4 |  4.6
Fighting       | 1 2 3 |  3.6
Maces & Flails | 1 2 4 5 |  5.8
Hexes          | 1 |  1.1
Translocations | 1 |  1.1
Evocations     | 1 |  1.6
Earth Magic    | 1 3 |  3.0
Transmutations | |  0.3

Action                   |  1- 3 |  4- 6 |  7- 9 | 10-12 || total
-------------------------+-------+-------+-------+-------++-------
Melee: Mace              |     7 |    24 |   861 |    62 ||   954
       War axe           |    36 |    97 |       |       ||   133
       Tailslap          |     2 |    14 |   201 |    11 ||   228
       Punch             |     1 |     2 |    34 |     2 ||    39
       Staff             |     8 |     1 |     6 |       ||    15
Throw: Throwing net      |     2 |       |       |       ||     2
       Dart              |       |    48 |       |       ||    48
 Cast: Foxfire           |    45 |    39 |    97 |    10 ||   191
       Scorch            |    15 |    51 |    22 |     7 ||    95
       Conjure Flame     |       |    12 |    11 |     1 ||    24
       Flame Wave        |       |     1 |    10 |     8 ||    19
       Inner Flame       |       |       |     6 |     2 ||     8
       Blink             |       |       |     7 |       ||     7
       Passwall          |       |       |     2 |       ||     2
       Stone Arrow       |       |       |    22 |    18 ||    40
       Sting             |       |       |       |     5 ||     5
       Poisonous Vapours |       |       |       |     3 ||     3
Evoke: Wand              |       |       |    40 |     1 ||    41
  Use: Potion            |       |     5 |    15 |       ||    20
       Scroll            |       |     1 |     9 |       ||    10
 Stab: Sleeping          |       |     1 |       |       ||     1
       Paralysed         |       |       |    13 |       ||    13
Armor: Skin              |    28 |   101 |   275 |    51 ||   455
Dodge: Dodged            |    53 |   140 |   344 |    86 ||   623
